 Dungeon Crawl Stone Soup version 0.31-a0-360-gb3e1d13bf4 (webtiles) character file.

Game seed: 2103825814003205731

30 IdlyInterested the Ducker (level 3, -4/28 HPs)
             Began as a Demonspawn Gladiator on July 26, 2023.
             Slain by a gnoll
             ... wielding a +0 whip
              (6 damage)
             ... on level 2 of the Dungeon.
             The game lasted 00:01:51 (593 turns).

IdlyInterested the Ducker (Demonspawn Gladiator)     Turns: 593, Time: 00:01:52

Health: -4/28      AC:  4    Str: 16    XL:     3   Next: 5%
Magic:  3/3        EV: 12    Int:  9    God:
Gold:   86         SH:  0    Dex: 14    Spells: 2/2 levels left

rFire   . . .        a - +0 flail
rCold   . . .        (no shield)
rNeg    . . .        b - +0 leather armour
rPois   .            l - +0 helmet
rElec   .            (no cloak)
rCorr   +            (no gloves)
SInv    .            (no boots)
Will    .....        (no amulet)
Stlth   +            g - ring of resist corrosion
HPRegen 0.24/turn    (no ring)
MPRegen 0.08/turn

%: no passive effects
@: no status effects
A: claws 1, spiny 1
a: no special abilities


You were on level 2 of the Dungeon.
You visited 1 branch of the dungeon, and saw 2 of its levels.

You collected 86 gold pieces.

Inventory:

Hand Weapons
 a - a +0 flail (weapon)
Missiles
 d - 3 throwing nets (quivered)
 e - a javelin
Armour
 b - a +0 leather armour (worn)
 l - a +0 helmet (worn)
Jewellery
 g - a ring of resist corrosion (left claw)
Talismans
 f - a beast talisman
Scrolls
 h - 3 scrolls of teleportation {unknown}
 i - a scroll of identify {unknown}
 j - a scroll of vulnerability {unknown}
 k - a scroll of poison {unknown}


   Skills:
 * Level 2.8 Fighting
 + Level 3.0 Maces & Flails
 - Level 2.0 Throwing
 - Level 3.0 Dodging
 * Level 0.0 Unarmed Combat


You had 2 spell levels left.
You didn't know any spells.
Your spell library contained the following spells:

 Spells                   Type           Power      Damage    Failure   Level
 Ensorcelled Hibernation  Hex/Ice        0%         N/A       58%         2
 Anguish                  Hex/Necr       0%         N/A       99%         4


Dungeon Overview and Level Annotations

Branches:
Dungeon (2/15)

Altars:


Innate Abilities, Weirdness & Mutations

You have sharp fingernails.
You are partially covered in sharp spines.


Message History

You hit the gnoll.
The gnoll is moderately wounded.
The gnoll barely misses you.
You closely miss the gnoll.
The gnoll is moderately wounded.
The endoplasm freezes you.
You are frozen.
You barely miss the gnoll.
The gnoll is moderately wounded.
The gnoll hits you from afar with a +0 spear.
The endoplasm freezes you.
You are frozen.
The gnoll hits you with a +0 whip. The gnoll hits you but does no damage.
The endoplasm hits you but does no damage.
The gnoll hits you with a +0 whip. The endoplasm attacks as you move away!
The endoplasm hits you but does no damage.
The gnoll attacks as you move away! The gnoll barely misses you.
The gnoll hits you with a +0 spear. The gnoll is struck by your spines.
The gnoll hits you but does no damage.
You barely miss the gnoll. The gnoll barely misses you.
The endoplasm is struck by your spines. The endoplasm misses you.
You barely miss the gnoll. The gnoll is struck by your spines.
The gnoll hits you with a +0 whip.
* * * LOW HITPOINT WARNING * * *
The gnoll barely misses you. The gnoll is struck by your spines.
The gnoll hits you with a +0 whip.
* * * LOW HITPOINT WARNING * * *
The endoplasm is struck by your spines.
You kill the endoplasm!
You aren't carrying any potions.
You hit the gnoll.
The gnoll is moderately wounded.
The gnoll barely misses you. The gnoll hits you with a +0 spear.
* * * LOW HITPOINT WARNING * * *
The gnoll misses you.
You closely miss the gnoll.
The gnoll is moderately wounded.
The gnoll is struck by your spines. The gnoll hits you with a +0 whip.
You die...

#.#.....#.#
#.###.#...†.#.#
#......<....# #
#####.#.....# .
#!#..!..# ..##
#.#.....#
.....#.#.....#
.......g...###
###...@g....#
#..>...g.....>.
#...........###
#...........#
#...........#
#...........#
#...........#
#...........#


You could see 3 gnolls.

Vanquished Creatures
  An adder (D:1)
  2 worms
  2 ball pythons (D:1)
  3 endoplasms
  2 giant cockroaches (D:1)
  2 goblins (D:1)
  2 kobolds (D:1)
  2 rats
16 creatures vanquished.

Notes
Turn   | Place    | Note
-------+----------+-------------------------------------------
     0 | D:1      | IdlyInterested the Demonspawn Gladiator began the quest for
                  | the Orb.
     0 | D:1      | Reached XP level 1. HP: 16/16 MP: 1/1
   146 | D:1      | Found a faded altar of an unknown god.
   234 | D:1      | Gained mutation: You are partially covered in sharp spines.
                  | [demonic ancestry]
   234 | D:1      | Reached XP level 2. HP: 23/23 MP: 2/2
   543 | D:1      | Gained mutation: You have sharp fingernails. [demonic
                  | ancestry]
   543 | D:1      | Reached XP level 3. HP: 20/28 MP: 3/3
   593 | D:2      | Slain by a gnoll

Illustrated notes

Levels and vault maps discovered:
D:1:      saegor_arrival_simple_a, layout_rooms, basic_ecumenical_altar
D:2:      layout_basic

Skill      XL: |  1  2 |
---------------+-------+-----
Throwing       | 2 |  2.0
Maces & Flails | 3 |  3.0
Dodging        | 3 |  3.0
Fighting       | |  2.8

Action                     || total
---------------------------++-------
  Melee: Flail             ||    34
 Armour: Leather armour    ||     8
  Dodge: Dodged            ||    26

Table legend: (Time is in decaauts)
 A = Elapsed time spent in this place.
 B = Non-inter-level travel time spent in this place.
 C = Inter-level travel time spent in this place.
 D = Time resting spent in this place.
 E = Time spent auto-exploring this place.
 F = Levels seen in this place.
 G = Mean time per level.
                   A        B        C        D        E       F      G
               +--------+--------+--------+--------+--------+-----+--------+
         Total |    602 |    602 |      0 |     60 |    324 |   2 |  301.0 |
       Dungeon |    602 |    602 |      0 |     60 |    324 |   2 |  301.0 |
               +--------+--------+--------+--------+--------+-----+--------+

Top non-repeatable levels by time:
     D:1: 549 daAuts
     D:2: 53 daAuts
